 Dungeon Crawl Stone Soup version 0.31-a0-150-g89dc3ad700 (webtiles) character file.

Game seed: 12550079078455021759

390 qw the Shooter (level 6, -7/55 HPs)
             Began as a Minotaur Hunter on June 8, 2023.
             Mangled by Pikel
             ... wielding a +1 whip of flaming
              (9 damage)
             ... on level 4 of the Dungeon.
             The game lasted 00:00:58 (2690 turns).

qw the Shooter (Minotaur Hunter)                    Turns: 2690, Time: 00:00:58

Health: -7/55      AC:  7    Str: 14 (15) XL:     6   Next: 50%
Magic:  5/5        EV: 11    Int:  3 (6)  God:
Gold:   200        SH:  5    Dex: 15 (16) Spells: 5/5 levels left

rFire   . . .        Y - +0 shortbow
rCold   . . .        (shield currently unavailable)
rNeg    . . .        f - +0 ring mail
rPois   .            (helmet restricted)
rElec   .            (no cloak)
rCorr   .            b - +1 pair of gloves
SInv    .            (no boots)
Will    .....        g - amulet of reflection
Stlth   +            (no ring)
HPRegen 0.29/turn    (no ring)
MPRegen 0.09/turn

%: reflection
@: lethally poisoned (-7 -> -15), about to teleport
A: horns 2, retaliatory headbutt
a: no special abilities


You were on level 4 of the Dungeon.
You visited 1 branch of the dungeon, and saw 4 of its levels.

You collected 200 gold pieces.


Innate Abilities, Weirdness & Mutations

You have a pair of horns on your head.
You reflexively headbutt those who attack you in melee.


   Skills:
 - Level 4.8 Fighting
 + Level 7.6 Ranged Weapons
 - Level 1.1 Armour
 - Level 2.1 Dodging
 - Level 0.7 Stealth


You had 5 spell levels left.
You didn't know any spells.
Your spell library was empty.

Inventory:

Hand Weapons
 Y - a +0 shortbow (weapon)
Armour
 b - a +1 pair of gloves (worn)
 f - a +0 ring mail (worn)
Jewellery
 g - an amulet of reflection (around neck)
Scrolls
 a - a scroll of identify
Potions
 d - a potion of might {unknown}
 e - a potion of curing {unknown}
 i - a potion of ambrosia {unknown}

Dungeon Overview and Level Annotations

Branches:
Dungeon (4/15)             Temple (0/1) D:4

Altars:

Shops:
D:1 *

Annotations:
D:4 Pikel


Message History

Pikel is lightly wounded.
Pikel barely misses you. You furiously retaliate!
You headbutt Pikel, but do no damage. The scorpion completely misses you.
The goblin shoots a sling bullet.
The sling bullet hits you but does no damage.
You shoot an arrow. The arrow barely misses Pikel.
You block the scorpion's attack.
Pikel hits you with a +1 whip of flaming.
Pikel burns you. The lemure barely misses you. The lemure hits you!
You shoot an arrow. The arrow misses Pikel.
The scorpion stings you. You block Pikel's attack.
The lemure closely misses you. The lemure hits you!
The lemure barely misses you. The scorpion stings you.
You shoot an arrow. The arrow barely misses Pikel.
Pikel waves his whip at you. Pikel barely misses you. The lemure hits you.
The lemure misses you. The lemure hits you but does no damage.
The scorpion closely misses you. The lemure closely misses you.
Pikel misses you. You furiously retaliate!
You headbutt Pikel, but do no damage. The lemure hits you.
The lemure barely misses you.
You shoot an arrow.
The arrow hits Pikel but does no damage.
Pikel is lightly wounded.
You block the scorpion's attack. Pikel closely misses you.
The lemure hits you. x2
You block the lemure's attack.
2689 ||| READING scroll of teleportation.
As you read the scroll of teleportation, it crumbles to dust.
You feel strangely unstable. The scorpion stings you.
You are lethally poisoned!
The scorpion poisons you! Pikel barely misses you. You furiously retaliate!
You headbutt Pikel! You block the lemure's attack. The lemure misses you.
You block the lemure's attack.
The scorpion stings you but does no damage.
You shoot an arrow. The arrow hits Pikel.
Pikel is moderately wounded.
You feel very sick. You block the scorpion's attack.
Pikel hits you with a +1 whip of flaming!
You die...

...###.........## .
.....#....#.....##......
..).......##............
..)......###....##......
..#.##...#.#............
.............#.##.......
#.............## #.... .
..........#...###5.#...#
............#..5@sg.#
.........####..5K#..#
.##....>.# #...5.##...
.... ##.......>.. ....
#....#... # ....#....#
.....#..#.# #..#...##...


You could see Pikel, 4 lemures, a scorpion and a goblin.

Vanquished Creatures
  A black bear (D:3)
  2 phantoms (D:3)
  A hound (D:4)
  An iguana (D:3)
  A gnoll (D:1)
  2 adders
  3 dart slugs (D:1)
  5 orcs
  2 endoplasms
  A giant cockroach (D:1)
  9 goblins
  10 hobgoblins
  A quokka (D:3)
  4 ball pythons
  6 bats
  3 frilled lizards
  5 kobolds
  6 rats
63 creatures vanquished.

Notes
Turn   | Place    | Note
-------+----------+-------------------------------------------
     0 | D:1      | qw the Minotaur Hunter began the quest for the Orb.
     0 | D:1      | Reached XP level 1. HP: 18/18 MP: 0/0
     0 | D:1      | 0 ||| qw: Version: 0.2-a-119-g0488c42
     0 | D:1      | 0 ||| qw: Game counter: 2738
     0 | D:1      | 0 ||| qw: Always use a shield: true
     0 | D:1      | 0 ||| qw: God list: Okawaru
     0 | D:1      | 0 ||| qw: Allow faded altars: false
     0 | D:1      | 0 ||| qw: Do Orc after D:15 true
     0 | D:1      | 0 ||| qw: Do second Lair branch before Depths: true
     0 | D:1      | 0 ||| qw: Lair rune preference: random
     0 | D:1      | 0 ||| qw: Plans: Normal
     0 | D:1      | 0 ||| PLANNING D:1-11
    40 | D:1      | Reached skill level 5 in Ranged Weapons
    40 | D:1      | Reached XP level 2. HP: 25/25 MP: 1/1
    77 | D:1      | Found Okul's General Store.
    85 | D:1      | 85 ||| READING scroll labelled YFENAFE RAAQI.
    86 | D:1      | 86 ||| READING scroll labelled OGAGOF QAWUENO.
    87 | D:1      | 87 ||| DROPPING scroll of butterflies.
    89 | D:1      | 89 ||| Stepping ~*~*~tactically~*~*~ (cloud).
   168 | D:1      | 168 ||| SHOPLISTING scroll of enchant armour (75 gold, have
                  | 13).
   209 | D:1      | Reached skill level 3 in Fighting
   422 | D:1      | 422 ||| FLEEEEING.
   423 | D:1      | 423 ||| FLEEEEING.
   424 | D:1      | 424 ||| FLEEEEING.
   434 | D:1      | Reached XP level 3. HP: 31/31 MP: 2/2
   821 | D:1      | 821 ||| READING 2 scrolls labelled GUZEMETI KAMM.
   822 | D:1      | 822 ||| READING scroll labelled KIESOXEHOA.
  1436 | D:2      | 1436 ||| UPGRADING to +1 pair of gloves.
  1492 | D:3      | 1492 ||| DROPPING +0 heavy sling.
  1664 | D:3      | Noticed a phantom
  1677 | D:3      | Killed a phantom
  1678 | D:3      | Reached skill level 6 in Ranged Weapons
  1678 | D:3      | Reached XP level 4. HP: 22/38 MP: 3/3
  1780 | D:3      | Reached XP level 5. HP: 45/45 MP: 4/4
  2177 | D:3      | Reached skill level 1 in Armour
  2289 | D:3      | 2289 ||| UPGRADING to +0 ring mail.
  2299 | D:3      | 2299 ||| DROPPING +0 leather armour.
  2300 | D:3      | 2300 ||| UPGRADING to amulet of reflection.
  2305 | D:3      | 2305 ||| DRINKING 2 pink potions.
  2306 | D:3      | 2306 ||| DROPPING potion of degeneration.
  2329 | D:4      | Noticed a black bear
  2333 | D:4      | 2333 ||| STAIRDANCE
  2362 | D:4      | Noticed a phantom
  2363 | D:4      | 2363 ||| STAIRDANCE
  2369 | D:3      | Killed a black bear
  2435 | D:4      | 2435 ||| STAIRDANCE
  2446 | D:3      | HP: 10/47 [iguana (10)]
  2448 | D:3      | Reached XP level 6. HP: 13/55 MP: 5/5
  2452 | D:3      | HP: 11/55 [phantom (4)]
  2455 | D:3      | Reached skill level 7 in Ranged Weapons
  2671 | D:4      | Found a staircase to the Ecumenical Temple.
  2672 | D:4      | 2672 ||| PLANNING TEMPLE
  2675 | D:4      | Noticed Pikel
  2688 | D:4      | HP: 8/55 [lemure[Pikel] (6)]
  2689 | D:4      | 2689 ||| READING scroll of teleportation.
  2690 | D:4      | HP: 2/55 [poisoned by a scorpion]
  2690 | D:4      | Mangled by Pikel

Levels and vault maps discovered:
D:1:      ebering_trefoil_3fold, layout_basic, serial_shops,
          nicolae_square_shop, minmay_heptomino_h4
D:2:      layout_basic
D:3:      layout_basic, kennysheep_generic_room_11
D:4:      layout_cave_pools, minmay_temple_entry_mini_moons, uniq_natasha,
          uniq_grinder, uniq_pikel

Skill      XL: |  1  2  3  4  5  6 |
---------------+-------------------+-----
Ranged Weapons | 5 6 7 |  7.6
Fighting       | 3 4 |  4.8
Armour         | 1 |  1.1
Dodging        | |  2.1
Stealth        | |  0.7

Action                     |  1- 3 |  4- 6 || total
---------------------------+-------+-------++-------
   Fire: Shortbow          |   120 |    84 ||   204
    Use: Scroll            |     4 |     1 ||     5
         Potion            |       |     1 ||     1
 Armour: Leather armour    |    10 |     1 ||    11
         Ring mail         |       |    23 ||    23
  Dodge: Dodged            |    15 |    65 ||    80
  Block: Other             |       |    28 ||    28
         Reflection        |       |     3 ||     3

Table legend:
 A = Non-vault XP
 B = Vault XP
 C = Vault XP percentage of total XP
 D = Non-vault monster count
 E = Vault monster count
 F = Vault count percentage of total count
                 A         B        C        D         E       F
            +---------+---------+-------+---------+---------+-------
      Total |     523 |      35 |   6.3 |      57 |       6 |   9.5
            +---------+---------+-------+---------+---------+-------
        D:1 |      29 |      20 |  40.8 |      15 |       4 |  21.1
        D:2 |      38 |       0 |   0.0 |      17 |       0 |   0.0
        D:3 |     405 |      15 |   3.6 |      20 |       2 |   9.1
        D:4 |      51 |       0 |   0.0 |       5 |       0 |   0.0
            +---------+---------+-------+---------+---------+-------
